 Dungeon Crawl Stone Soup version 0.29.1-1-gd02db69 (webtiles) character file.

Game seed: 15767080590886293860

39 samcosmo the Sneak (level 3, -1/16 HPs)
             Began as a Spriggan Enchanter on Mar 22, 2023.
             Frozen to death by an endoplasm (4 damage)
             ... on level 2 of the Dungeon.
             The game lasted 00:04:15 (1758 turns).

samcosmo the Sneak (Spriggan Enchanter)             Turns: 1758, Time: 00:04:17

Health: -1/16      AC:  2    Str:  4    XL:     3   Next: 28%
Magic:  6/8        EV: 17    Int: 16    God:
Gold:   32         SH:  0    Dex: 17    Spells: 5/7 levels left

rFire   . . .      SeeInvis +   a - +1 dagger
rCold   . . .      Faith    .   (no shield)
rNeg    . . .      Spirit   .   b - +0 robe
rPois   .          Reflect  .   (helmet restricted)
rElec   .          Harm     .   (no cloak)
rCorr   .          Rampage  .   (gloves unavailable)
Will    .....                   (boots unavailable)
Stlth   +++.......              (no amulet)
HPRegen 0.05/turn               (no ring)
MPRegen 0.11/turn               (no ring)

@: very slightly contaminated, invisible, very quick
A: very small, no large weapons, unfitting armour, see invisible, speed 3
a: no special abilities


You were on level 2 of the Dungeon.
You visited 1 branch of the dungeon, and saw 2 of its levels.

You collected 32 gold pieces.

Inventory:

Hand Weapons
 a - a +1 dagger (weapon)
Armour
 b - a +0 robe (worn)
Scrolls
 d - a scroll of fear {unknown}
Potions
 c - a potion of invisibility
 e - a potion of brilliance {unknown}


   Skills:
 + Level 1.9 Short Blades
 - Level 2.6 Dodging
 + Level 5.1 Stealth
 - Level 2.6 Spellcasting
 * Level 4.6 Hexes


You had 5 spell levels left.
You knew the following spells:

 Your Spells              Type           Power      Damage    Failure   Level
a - Ensorcelled Hibernat  Hex/Ice        18%        N/A       12%         2

Your spell library contained the following spells:

 Spells                   Type           Power      Damage    Failure   Level
 Confusing Touch          Hex            16%        N/A       9%          3
 Tukima's Dance           Hex            16%        N/A       9%          3
 Dazzling Flash           Conj/Hex       18%        N/A       22%         3


Dungeon Overview and Level Annotations

Branches:
Dungeon (2/15)

Altars:

Annotations:
D:2 Jessica


Innate Abilities, Weirdness & Mutations

You are very small and have problems with some larger weapons.
You are too small for most types of armour.
You have supernaturally acute eyesight. (SInv)
You cover ground extremely quickly. (Speed+++)


Message History

You hit the goblin.
You kill the goblin!
An adder comes into view.
You see here a black potion.
The helpless adder fails to defend itself.
You impale the adder!!
You kill the adder!
e - a black potion You open the door.
A quokka and Jessica come into view.
Jessica is wielding a +1 dagger of flaming.
Found a scroll labelled USMIMU DU HOOC and a sedimented pink potion.
An endoplasm comes into view.
Found two items.
There is an open door here.
The quokka misses you.
Jessica shouts!
The endoplasm quivers.
The endoplasm hits you.
Jessica hits you with a +1 dagger of flaming.
Jessica burns you.
Casting: Ensorcelled Hibernation (safe; 12% risk of failure)
Confirm with . or Enter, or press ? or * to list all spells.
Aiming: Ensorcelled Hibernation (safe; 12% risk of failure)
Press: ? - help, Shift-Dir - straight line, f - Jessica
Aim: Jessica, wielding a +1 dagger of flaming and wearing a +0 robe (chance to affect: 51%)
You miscast Ensorcelled Hibernation.
You are very lightly contaminated with residual magic.
Nothing appears to happen.
The quokka misses you. The endoplasm freezes you.
You are frozen.
Jessica hits you with a +1 dagger of flaming.
* * * LOW HITPOINT WARNING * * *
Jessica burns you.
* * * LOW HITPOINT WARNING * * *
You fade into invisibility!
The quokka misses you. The endoplasm freezes you.
You are frozen.
You die...

####### #..##.....######
#............†.#
.#..##'##..##.#
...##...##..#.####
#...#....:#........
#...#?.r..#..###### #
#...#!.@J?#..#
#####.##...##.@.##..#
......#.....#####..###
.............).......#
#########...#......###.#
......>†......#...## #.##
##########.#.####..##...#
##...#.........###
#.#.#.#.........#


You could see Jessica (unable to see you), an endoplasm and a quokka (unable to
see you).

Vanquished Creatures
  An adder (D:2)
  A worm (D:2)
  3 dart slugs (D:1)
  An endoplasm (D:1)
  A giant cockroach (D:1)
  A goblin (D:2)
  3 hobgoblins (D:1)
  2 jackals (D:1)
  A quokka (D:2)
  2 ball pythons (D:1)
  A bat (D:1)
  A frilled lizard (D:1)
  A kobold (D:2)
  3 rats
22 creatures vanquished.

Notes
Turn   | Place    | Note
-------+----------+-------------------------------------------
     0 | D:1      | samcosmo the Spriggan Enchanter began the quest for the
                  | Orb.
     0 | D:1      | Reached XP level 1. HP: 9/9 MP: 5/5
   465 | D:1      | Found a faded altar of an unknown god.
   762 | D:1      | Reached XP level 2. HP: 13/13 MP: 6/6
   765 | D:1      | Learned a level 2 spell: Ensorcelled Hibernation
  1693 | D:2      | Reached skill level 5 in Stealth
  1710 | D:2      | Reached XP level 3. HP: 16/16 MP: 8/8
  1751 | D:2      | Noticed Jessica
  1758 | D:2      | Frozen to death by an endoplasm

Illustrated notes

Levels and vault maps discovered:
D:1:      doesnt_arrival_eight_statues, layout_loops_corners,
          hellmonk_ecumenical_altar_slurped_away, roderic_lattice_a,
          nrook_mini_vaults, chequers_serial_rivers_marsh
D:2:      layout_loops_ring, kennysheep_jessica_study, uniq_natasha

Skill      XL: |  1  2 |
---------------+-------+-----
Hexes          | 4 |  4.6
Stealth        | 5 |  5.1
Short Blades   | |  1.9
Dodging        | |  2.6
Spellcasting   | |  2.6

Action                   || total
-------------------------++-------
Melee: Dagger            ||    71
 Cast: Ensorcelled Hiber ||     4
  Use: Potion            ||     1
 Stab: Sleeping          ||    10
Armor: Robe              ||     4
Dodge: Dodged            ||    51
